Map: At Eternity's Edge LE

Players

Reynor - Winner!

  • Race: Zerg Zerg
  • League: Master
  • Spawn Location: 5:00

Elazer

  • Race: Zerg Zerg
  • League: Master
  • Spawn Location: 11:00

VOD

Have the link to the VOD?

Description

Time

  • Played on: July 5, 2026, 7:15 a.m.
  • Length: 9:31
Show
View Real Time Build Order
Export as new Build Order

Reynor Zerg - Winner!

Build Orders: Pool First 

Get SALT Encoding   

  8  0:00  Drone  
  9  0:10  Drone  
  10  0:32  Spawning Pool  
  9  0:38  Drone  
  10  0:43  Drone  
  10  0:48  Drone  
  12  0:59  Overlord  
  12  1:19  Zergling x6  
  15  1:30  Zergling x2  
  16  1:39  Zergling x2  
  17  1:49  Zergling x2  
  17  1:52  Hatchery  
  17  2:07  Queen  
  19  2:16  Overlord  
  19  2:25  Drone  
  20  2:35  Drone x2  
  21  2:47  Drone  
  21  2:50  Drone  
  19  2:54  Queen  
  20  2:59  Drone  
  20  3:04  Zergling x2  
  22  3:09  Drone  
  23  3:14  Drone  
  24  3:20  Overlord  
  24  3:22  Drone x2  
  24  3:25  Drone  
  27  3:30  Drone  
  27  3:32  Drone  
  27  3:40  Queen  
  29  3:44  Drone  
  29  3:47  Drone  
  31  3:49  Drone  
  31  3:50  Drone  
  33  3:55  Overlord  
  33  3:57  Drone  
  33  4:01  Drone  
  35  4:05  Drone x3  
  35  4:07  Drone  
  39  4:15  Drone x3  
  42  4:25  Hatchery  
  42  4:27  Drone x2  
  42  4:31  Extractor x2  
  42  4:34  Drone  
  42  4:35  Drone x2  
  42  4:37  Overlord  
  43  4:43  Drone x2  
  43  4:44  Drone  
  46  4:51  Drone  
  47  4:55  Queen  
  47  4:56  Drone  
  47  4:58  Overlord  
  50  5:00  Zergling x6  
  50  5:02  Extractor  
  52  5:08  Zergling x6, Evolution Chamber  
  52  5:09  Zergling x2  
  52  5:13  Overlord  
  55  5:19  Metabolic Boost  
  55  5:21  Zergling x2  
  55  5:23  Zergling x2  
  55  5:25  Zergling x2  
  58  5:29  Zergling x4  
  58  5:30  Zergling x2  
  58  5:35  Zergling x2  
  62  5:37  Zerg Ground Armor Level 1  
  62  5:39  Drone x4  
  66  5:45  Roach Warren  
  66  5:47  Lair  
  66  5:48  Drone  
  66  5:50  Drone x2  
  66  5:56  Drone x2  
  70  5:57  Zergling x2  
  70  5:59  Overlord  
  70  6:01  Drone  
  70  6:02  Drone  
  74  6:04  Drone  
  74  6:07  Overlord  
  74  6:12  Zergling x2  
  74  6:14  Overlord  
  74  6:18  Drone x4  
  77  6:20  Overlord  
  79  6:26  Queen, Overlord  
  79  6:32  Overlord  
  81  6:39  Drone x2  
  85  6:40  Drone x2  
  85  6:42  Roach x5  
  85  6:44  Extractor  
  94  6:47  Drone, Infestation Pit  
  94  6:55  Roach  
  94  6:56  Roach x3  
  97  7:02  Glial Reconstitution  
  97  7:04  Roach x3, Evolution Chamber  
  103  7:09  Roach x2  
  103  7:10  Roach x3  
  113  7:16  Overlord  
  113  7:20  Roach x2  
  113  7:21  Roach x2  
  121  7:23  Spine Crawler  
  121  7:26  Overlord  
  121  7:28  Roach  
  123  7:30  Overlord, Spine Crawler  
  123  7:31  Zerg Missile Weapons Level 1  
  122  7:39  Roach x4  
  122  7:41  Overlord  
  122  7:42  Roach  
  122  7:43  Overlord  
  131  7:48  Roach x3  
  131  7:49  Roach  
  139  7:52  Overlord  
  139  7:56  Roach x3  
  145  7:59  Overlord  
  145  8:04  Roach x2  
  145  8:05  Roach  
  151  8:09  Roach x2  
  151  8:10  Roach  
  157  8:14  Roach x3  
  163  8:23  Roach x2  
  163  8:26  Roach  
  169  8:28  Hatchery  
  172  8:34  Roach x3  
  174  8:43  Roach x3  
  174  8:44  Overlord x2  
  174  8:45  Overlord  
  174  8:47  Overlord  
  180  8:51  Overlord  
  180  8:58  Overlord  
  180  9:01  Overlord  
  180  9:04  Roach x3  
  180  9:05  Roach x2  
  195  9:10  Roach x3  
  195  9:12  Hatchery  
Show
View Real Time Build Order
Export as new Build Order

Elazer Zerg 

Build Orders: Hatch First 

Get SALT Encoding   

  8  0:00  Drone  
  9  0:09  Drone  
  10  0:17  Drone  
  11  0:27  Overlord  
  11  0:33  Drone  
  12  0:45  Drone x2  
  15  0:50  Drone  
  15  1:10  Hatchery  
  14  1:14  Drone  
  14  1:18  Drone  
  16  1:22  Drone  
  17  1:36  Spawning Pool  
  17  1:39  Drone  
  17  1:42  Drone  
  17  1:46  Extractor  
  18  2:00  Overlord  
  19  2:22  Zergling x2  
  19  2:23  Zergling x6  
  20  2:33  Drone x2  
  17  2:43  Drone x2  
  16  2:56  Drone  
  17  3:00  Drone  
  17  3:04  Drone  
  19  3:07  Drone  
  19  3:12  Drone  
  21  3:16  Drone  
  22  3:22  Drone  
  22  3:26  Drone  
  24  3:32  Drone  
  24  3:33  Drone  
  24  3:37  Queen  
  26  3:42  Drone  
  26  3:43  Drone  
  28  3:52  Drone x2  
  30  4:03  Overlord  
  30  4:05  Queen, Extractor  
  31  4:21  Queen  
  33  4:26  Spore Crawler  
  33  4:27  Drone  
  33  4:30  Hatchery  
  33  4:31  Drone x3  
  35  4:35  Overlord  
  36  4:42  Overlord  
  36  4:43  Drone  
  37  4:46  Drone  
  37  4:48  Drone  
  39  4:56  Baneling Nest, Drone x2  
  40  5:03  Overlord  
  40  5:05  Drone x2  
  42  5:07  Drone  
  42  5:10  Extractor  
  42  5:14  Overlord  
  42  5:19  Drone x3  
  45  5:22  Overlord  
  45  5:25  Drone  
  46  5:29  Metabolic Boost  
  46  5:32  Drone x3  
  49  5:40  Baneling  
  49  5:41  Baneling, Zergling x2  
  49  5:42  Zergling x2  
  51  5:45  Zergling x4  
  51  5:46  Zergling x2  
  51  5:47  Zergling x4  
  56  5:54  Roach Warren  
  56  5:55  Zergling x2  
  56  5:56  Zergling x4  
  58  6:00  Baneling x2  
  58  6:03  Overlord  
  58  6:04  Overlord  
  58  6:09  Drone  
  58  6:10  Overlord  
  59  6:25  Overlord  
  59  6:35  Roach x9  
  59  6:37  Roach  
  79  6:40  Extractor  
  79  6:42  Roach  
  79  6:44  Drone  
  79  6:45  Drone x2  
  79  6:46  Baneling  
  82  6:51  Zergling x12  
  88  6:56  Overlord  
  88  7:00  Overlord  
  86  7:03  Roach  
  86  7:06  Roach  
  90  7:08  Roach  
  90  7:10  Roach  
  90  7:11  Roach x2  
  90  7:14  Roach  
  98  7:17  Roach  
  98  7:19  Zergling x8  
  104  7:26  Zergling x8  
  108  7:32  Zergling x2  
  108  7:36  Zergling x4  
  111  7:43  Zergling x2  
  111  7:44  Zergling x6  
  114  7:52  Overlord, Drone x4  
  114  7:57  Drone x2  
  120  7:59  Drone  
  120  8:01  Queen  
  123  8:06  Drone  
  123  8:07  Lair  
  123  8:10  Evolution Chamber, Drone x2  
  123  8:11  Drone x2  
  127  8:14  Drone  
  128  8:22  Roach x2  
  128  8:23  Overlord  
  128  8:26  Overlord  
  131  8:30  Overlord  
  131  8:36  Drone x2  
  131  8:37  Extractor  
  131  8:40  Drone x2  
  131  8:44  Drone x4  
  131  8:48  Overlord, Hatchery  
  134  8:50  Evolution Chamber  
  134  8:53  Roach x2  
  136  8:57  Roach  
  136  8:58  Roach x2  
Tags
 
Add a new tag
Caveats
  • Supply blocks, unpowered buildings, or Contaminate may cause inaccurate times.
  • Supply counts are checked every 10 seconds.